 Dungeon Crawl Stone Soup version 0.32-a0-665-g3d30ec2550 (webtiles) character file.

Game seed: 664440887019408382

22173 jt the Cleaver (level 12, -7/103 HPs)
             Began as a Coglin Monk on Mar 9, 2024.
             Was a High Priest of Beogh.
             Killed from afar by a spriggan druid (42 damage)
             ... with a stone arrow
             ... on level 3 of the Lair of Beasts on Mar 10, 2024.
             The game lasted 00:29:47 (10007 turns).

jt the Cleaver (Coglin Monk)                       Turns: 10007, Time: 00:29:49

Health: -7/103     AC:  9    Str: 17    XL:     12   Next: 97%
Magic:  18/18      EV: 12    Int:  9    God:    Beogh [*****.]
Gold:   782        SH:  0    Dex: 20    Spells: 9/11 levels left

rFire   . . .        k - +3 mace "Lofay" {flame, rPois Will+ Dex+3}
rCold   . . .        e - +0 war axe (elec) {Thatsani}
rNeg    . . .        q - +0 ring mail
rPois   +            x - +0 helmet
rElec   .            F - +0 cloak
rCorr   .            (no gloves)
SInv    .            E - +0 pair of boots
Will    +....        (amulet unavailable)
Stlth   +            (ring unavailable)
HPRegen 0.37/turn    (ring unavailable)
MPRegen 0.16/turn    (no gizmo)

%: no passive effects
@: about to teleport, studying Polearms, revved
A: walk on water, off-hand wielding, slow wielding, warmup strikes, no jewellery
a: Invent Gizmo, Renounce Religion, Smiting, Recall Apostles, Blood for Blood,
Dismiss Morguth, priest, Dismiss Boldo, warrior, Dismiss Zartorak, wizard


You were on level 3 of the Lair of Beasts.
You worshipped Beogh.
Beogh was extremely pleased with you.
You visited 3 branches of the dungeon, and saw 12 of its levels.
You also visited: Ossuary.

You collected 782 gold pieces.

Inventory:

Hand Weapons
 e - a +0 war axe of electrocution (offhand) {Thatsani}
 h - a +2 whip of pain {Wei}
 k - the +3 mace "Lofay" (weapon) {flame, rPois Will+ Dex+3}
   (You found it on level 2 of the Dungeon)

   Dex+3:     It affects your dexterity (+3).
   rPois:     It protects you from poison.
   Will+:     It increases your willpower.
 t - a +0 war axe
 D - a +4 morningstar
 L - a +0 flail of venom
 N - a +3 trident of draining
Missiles
 g - 76 stones (quivered)
 o - a throwing net
 K - 6 darts of dispersal
 V - 8 boomerangs
Armour
 d - an orb of light
 i - a +0 scale mail
 p - a +0 leather armour
 q - a +0 ring mail (worn)
 s - a +3 scale mail of willpower
 v - the +0 leather armour of Atoamp {Rampage rF++ rC- Str+3}
   (You found it on level 4 of the Dungeon)

   Str+3:     It affects your strength (+3).
   rF++:      It greatly protects you from fire.
   rC-:       It makes you vulnerable to cold.
   Rampage:   It bestows one free step when moving towards enemies.
 x - a +0 helmet (worn)
 B - a +0 plate armour
 E - a +0 pair of boots (worn)
 F - a +0 cloak (worn)
 O - a +0 robe of fire resistance
 R - a +0 robe of positive energy
 T - a +0 chain mail
Magical Staves
 U - a staff of cold
Talismans
 X - a flux talisman
Wands
 a - a wand of polymorph (3)
 l - a wand of warping (10)
 n - a wand of flame (46)
 C - a wand of acid (18)
 H - a wand of mindburst (4)
 M - a wand of paralysis (4)
Scrolls
 b - 2 scrolls of fear
 j - a scroll of revelation
 m - a scroll of immolation
 r - 3 scrolls of blinking
 u - 2 scrolls of amnesia
 y - a scroll of enchant weapon {unknown}
 J - a scroll of silence {unknown}
 Q - a scroll of fog
 S - a scroll of butterflies
 Y - a scroll of teleportation
Potions
 c - 3 potions of ambrosia
 f - a potion of curing
 w - a potion of mutation
 z - 2 potions of might
 A - a potion of heal wounds
 G - a potion of invisibility
 I - a potion of enlightenment
 P - a potion of attraction {unknown}
 W - a potion of haste
 Z - 2 potions of berserk rage {unknown}


   Skills:
 + Level 12.5 Fighting
 + Level 12.5 Axes
 - Level 1.1(7.4) Maces & Flails
 - Level 3.0 Armour
 - Level 2.6 Dodging
 + Level 8.3 Invocations
 - Level 9.3 Evocations


You had 9 spell levels left.
You knew the following spells:

 Your Spells              Type           Power      Damage    Failure   Level
a - Blink                 Tloc           0%         N/A       73%         2

Your spell library contained the following spells:

 Spells                   Type           Power      Damage    Failure   Level
 Freeze                   Ice            0%         1d3       58%         1
 Kiss of Death            Conj/Necr      0%         2d5       58%         1
 Call Imp                 Summ           0%         N/A       73%         2
 Lesser Beckoning         Tloc           0%         N/A       73%         2
 Momentum Strike          Conj/Tloc      0%         3d8       73%         2
 Sublimation of Blood     Necr           0%         N/A       73%         2
 Call Canine Familiar     Summ           0%         N/A       91%         3
 Confusing Touch          Hex            0%         N/A       91%         3
 Frozen Ramparts          Ice            0%         1d1       91%         3
 Hailstorm                Conj/Ice       0%         3d5       91%         3
 Sigil of Binding         Hex            0%         N/A       91%         3
 Animate Dead             Necr           0%         N/A       100%        4
 Dimensional Bullseye     Hex/Tloc       0%         N/A       100%        4
 Dispel Undead            Necr           0%         3d6       100%        4
 Olgreb's Toxic Radiance  Alch           0%         N/A       100%        4
 Petrify                  Alch/Erth      0%         N/A       100%        4
 Borgnjor's Vile Clutch   Necr/Erth      0%         N/A       100%        5
 Irradiate                Conj/Alch      0%         3d11      100%        5
 Death Channel            Necr           0%         N/A       100%        6
 Haunt                    Necr/Summ      0%         N/A       100%        7
 Ozocubu's Refrigeration  Ice            0%         4d7       100%        7
 Summon Hydra             Summ           0%         N/A       100%        7
 Discord                  Hex            0%         N/A       100%        8
 Infestation              Necr           0%         N/A       100%        8


Dungeon Overview and Level Annotations

Branches:
Dungeon (8/15)             Temple (1/1) D:4            Lair (3/5) D:8
 Spider (0/4) Lair:3      Ossuary (visited)
  Swamp: Lair:2-3    Shoals: Lair:2-3

Altars:
Ashenzari
Cheibriados
Elyvilon
Fedhas
Gozag
Hepliaklqana
Kikubaaqudgha
Makhleb
Nemelex Xobeh
Okawaru
Qazlal
Ru
Sif Muna
Trog
Uskayaw
Vehumet
Wu Jian
Xom
Yredelemnul
The Shining One

Shops:
D:6 *


Innate Abilities, Weirdness & Mutations

You can walk on water.
Your facial features are unmistakably orcish.
You can wield a second weapon in your off-hand.
It takes a long time for you to wield or remove held weapons.
Your first few attacks do less damage.
You cannot equip rings or amulets.


Message History

Press: ? - help, Shift-Dir - straight line, f - spriggan druid
Aim: a spriggan druid, wielding a +1 spectral quarterstaff and wearing a +0 robe (48% to hit)
The bolt of acid misses the spriggan druid.
The bolt of acid hits the spriggan druid!
The spriggan druid is moderately wounded.
Your followers are invigorated by your prowess.
Branches wave dangerously above you.
Boldo is hit by a branch!
A root smacks you from below!
Morguth is waved at by a branch.
The spriggan druid calls out to the beasts of the wild!
The hornet stings you.
Boldo closely misses the spriggan druid.
Boldo barely misses the hornet.
Morguth hits the spriggan druid from afar with a +1 trident of venom.
The spriggan druid is poisoned.
The spriggan druid closely misses Boldo.
Unknown command.
You miss the spriggan druid with your +0 war axe of electrocution.
The spriggan druid is heavily wounded.
You hit the hornet but do no damage.
You hit the spriggan druid with the +3 mace "Lofay".
You burn the spriggan druid.
Boldo is hit by a branch!
A tree reaches out and hits you!
A tree reaches out and hits Morguth!
The hornet barely misses you.
Boldo hits the spriggan druid with a +0 vampiric battleaxe!
Boldo barely misses the hornet.
Boldo hits the spriggan druid but does no damage.
The spriggan druid hits Boldo with a +1 spectral quarterstaff!
Boldo dies!
You swear to avenge Boldo's death!
Morguth misses the spriggan druid.
The spriggan druid hits you with a +0 quarterstaff!
The hornet barely misses you.
Unknown command.
As you read the scroll of teleportation, it crumbles to dust.
You feel strangely unstable. A root smacks you from below!
Morguth is hit by a branch!
The hornet stings you.
The spriggan druid points at you and mumbles some strange words.
The stone arrow hits you!!!
You die...

#..######..####...###............
....#..##...#.P.....#P.P.........
.................................
.................................
#..............##.##..##.P.......
...............##♣♣♣..♣###.......
P..............♣♣♣♣♣♣♣♣ ♣#.......
......>.......♣....♣♣.♣♣♣.^......
..............♣o@y♣..§§§♣#.......
..............♣♣†iF.§§§§♣#.......
#.P##.###...P.♣♣♣i..§§♣§♣##..P###
P.##### ######♣ ♣....♣♣ ##### #
#.# ....♣.♣ #.# ..♣♣. .♣ #.. ♣...
.. ♣ ..P ♣♣.. ♣♣ .## ♣♣♣


You could see 2 spriggan druids, a cane toad (target of vengeance), a hornet
(target of vengeance) and the friendly Morguth the orc apostle.

Vanquished Creatures
  A hydra (Lair:3)
  A torpor snail (Lair:1)
  5 cane toads
  2 rime drakes
  3 komodo dragons
  Jeremiah (D:8)
  2 blink frogs
  2 wyverns
  5 yaks
  A steam dragon (Lair:2)
  3 basilisks
  3 water moccasins
  Duvessa (D:4)
  2 black bears
  2 sky beasts
  An ice beast (D:8)
  5 wolves
  2 phantoms (D:5)
  A weeping skull (Ossuary)
  5 bullfrogs
  4 water moccasin zombies (Ossuary)
  A bombardier beetle (D:7)
  A hound (D:5)
  An orc priest (D:8)
  A gnoll bouda (D:7)
  A spectral scorpion (Ossuary)
  2 orc wizards
  An iguana (D:6)
  A crocodile zombie (Ossuary)
  A bullfrog simulacrum (Ossuary)
  3 mummies
  3 gnolls (D:7)
  12 adders
  2 white imps (D:7)
  An adder zombie (Ossuary)
  A dart slug (D:2)
  8 orcs
  4 bats
  5 endoplasms
  2 giant cockroaches
  5 gnoll zombies (Ossuary)
  4 goblins
  A hobgoblin (D:3)
  3 jackals (D:4)
  3 kobolds
  2 quokkas
  9 ball pythons
  5 frilled lizards
  A goblin zombie (D:5)
  3 jackal zombies (Ossuary)
  A kobold zombie (D:5)
  3 orc zombies (Ossuary)
  3 rats
146 creatures vanquished.

Vanquished Creatures (collateral kills)
  A two-headed ogre (D:8)
  A boulder beetle (Lair:3)
  A skyshark (Lair:3)
  Maurice (D:7)
  8 elephants
  8 cane toads
  A rime drake (Lair:2)
  Psyche (D:8)
  8 komodo dragons
  A hornet (D:6)
  2 blink frogs (Lair:2)
  A wraith (D:5)
  8 yaks
  3 basilisks
  5 water moccasins
  An orc warrior (D:6)
  A centaur (D:6)
  6 wolves
  A phantom (D:6)
  4 bullfrogs
  A gnoll sergeant (D:7)
  A scorpion (D:5)
  3 wights (D:7)
  Dowan (D:4)
  A bombardier beetle (D:5)
  A hound (D:7)
  A gnoll bouda (D:7)
  2 sleepcaps
  2 orc wizards (D:8)
  10 gnolls (D:7)
  A white imp (D:6)
  An orc (D:8)
  A goblin (D:4)
  A hobgoblin (D:4)
  A quokka (D:5)
  2 ball pythons (D:4)
  2 foxfires (Lair:3)
95 creatures vanquished.

Vanquished Creatures (others)
  2 orc apostles (Lair:3)
  An orc wizard (D:8)
  2 orcs (D:8)
  A jackal zombie (Ossuary)
  83 foxfires
89 creatures vanquished.

Grand Total: 330 creatures vanquished

Notes
Turn   | Place    | Note
-------+----------+-------------------------------------------
     0 | D:1      | jt the Coglin Monk began the quest for the Orb.
     0 | D:1      | Reached XP level 1. HP: 18/18 MP: 1/1
   147 | D:1      | Reached XP level 2. HP: 24/24 MP: 2/2
   575 | D:2      | Reached XP level 3. HP: 29/29 MP: 3/3
   608 | D:2      | Identified the +3 mace "Lofay" {flame, rPois Will+ Dex+3}
   869 | D:2      | Reached XP level 4. HP: 36/36 MP: 4/4
  1068 | D:3      | Reached skill level 1 in Armour
  1156 | D:3      | Became a worshipper of Beogh the Shepherd
  1156 | D:3      | Reached * piety under Beogh
  1156 | D:3      | Reached ** piety under Beogh
  1251 | D:3      | Found a broken altar of Ashenzari.
  1595 | D:3      | Learned a level 2 spell: Blink
  1711 | D:4      | Reached XP level 5. HP: 41/42 MP: 5/5
  1723 | D:4      | Found a stormy altar of Qazlal.
  1791 | D:4      | Identified the +0 leather armour of Atoamp {Rampage rF++
                  | rC- Str+3}
  1817 | D:4      | Noticed Dowan
  1818 | D:4      | Noticed Duvessa
  1882 | D:5      | Entered Level 5 of the Dungeon
  1921 | D:5      | Noticed a phantom
  1931 | D:5      | Killed a phantom
  1932 | D:5      | Reached skill level 1 in Maces & Flails
  2044 | D:5      | Found a sand-covered staircase.
  2051 | Ossuary  | Entered an ossuary
  2076 | Ossuary  | Reached XP level 6. HP: 19/49 MP: 6/6
  2239 | Ossuary  | Reached skill level 5 in Axes
  2363 | Ossuary  | Reached *** piety under Beogh
  2364 | Ossuary  | Reached skill level 5 in Fighting
  2364 | Ossuary  | Reached XP level 7. HP: 31/56 MP: 7/7
  2559 | D:5      | Noticed Morguth
  2572 | D:5      | Reached skill level 1 in Evocations
  2600 | D:5      | HP: 2/56 [Morguth the orc apostle/divine providence (12)]
  2614 | D:5      | Anointed Morguth the priest as your apostle
  2728 | D:5      | Reached XP level 8. HP: 64/64 MP: 8/8
  2819 | D:5      | Noticed a wraith
  2826 | D:5      | Killed a wraith
  3075 | D:5      | Found an opulent altar of Gozag.
  3081 | D:5      | Found a hazy altar of Hepliaklqana.
  3081 | D:5      | Noticed a wyvern
  3086 | D:5      | Killed a wyvern
  3508 | D:6      | Reached skill level 5 in Evocations
  3803 | D:6      | Found an ornate altar of the Wu Jian Council.
  3934 | D:6      | Noticed a hornet
  3938 | D:6      | Killed a hornet
  3939 | D:6      | Reached XP level 9. HP: 72/72 MP: 9/9
  4056 | D:6      | Found Morery's Lightly-Used Armoury.
  4224 | D:7      | Noticed Boldo
  4235 | D:7      | Anointed Boldo the warrior as your apostle
  4331 | D:7      | Found a white marble altar of Elyvilon.
  4387 | D:7      | Noticed Maurice
  4395 | D:7      | Killed Maurice
  4396 | D:7      | Reached skill level 1 in Invocations
  4738 | D:7      | Reached **** piety under Beogh
  5079 | D:8      | Noticed Psyche
  5089 | D:8      | Killed Psyche
  5090 | D:8      | Reached XP level 10. HP: 81/81 MP: 10/12
  5097 | D:8      | Found a shimmering altar of Xom.
  5118 | D:8      | Noticed Jeremiah
  5143 | D:8      | Killed Jeremiah
  5348 | D:8      | Noticed a two-headed ogre
  5362 | D:8      | Killed a two-headed ogre
  5717 | D:8      | Found a staircase to the Lair.
  6020 | D:4      | Killed Dowan
  6201 | D:4      | Found a staircase to the Ecumenical Temple.
  6211 | Temple   | Entered the Ecumenical Temple
  6296 | D:4      | Killed Duvessa
  6567 | Lair:1   | Entered Level 1 of the Lair of Beasts
  6608 | Lair:1   | Noticed a cane toad
  6613 | Lair:1   | Killed a cane toad
  6743 | Lair:1   | Reached XP level 11. HP: 83/89 MP: 14/14
  6777 | Lair:1   | Reached skill level 5 in Invocations
  6892 | Lair:1   | Reached skill level 10 in Axes
  6923 | Lair:1   | Reached skill level 10 in Fighting
  7155 | Lair:1   | Found a basalt altar of Yredelemnul.
  7180 | Lair:1   | Noticed Zartorak
  7192 | Lair:1   | Anointed Zartorak the wizard as your apostle
  7954 | Lair:2   | Reached ***** piety under Beogh
  8235 | Lair:2   | Reached XP level 12. HP: 79/100 MP: 17/17
  9097 | Lair:3   | Noticed a five-headed hydra
  9106 | Lair:3   | Killed a six-headed hydra
  9328 | Lair:3   | Noticed a skyshark
  9520 | Lair:3   | Noticed a boulder beetle
  9735 | Lair:3   | Found a hole to the Spider Nest.
  9778 | Lair:3   | Killed a boulder beetle
  9825 | Lair:3   | Your ally Zartorak died
  9828 | Lair:3   | Killed a skyshark
 10006 | Lair:3   | Your ally Boldo died
 10007 | Lair:3   | Killed from afar by a spriggan druid

Illustrated notes

Levels and vault maps discovered:
D:1:      grunt_arrival_crossed_arrows, layout_rooms
D:2:      layout_basic
D:3:      layout_basic, evilmike_ruin_ashenzari
D:4:      layout_loops_ring, lemuel_round_altar, temple_hall, uniq_duvessa
D:5:      layout_loops_ring, jmf_multi_god_temple2, nicolae_ossuary_entry_giza
D:6:      layout_basic, general_overflow_altar, minmay_shop_damaged,
          minmay_misc_feat_more_columns, kennysheep_small_spiral
D:7:      wad_pebble_path, layout_basic, elyvilon_altar_1,
          hangedman_abyss_or_decor_stagger, uniq_maurice
D:8:      layout_basic, mainiacjoe_overflow_boulevard, david_lair_shrubbed,
          minivault_27, uniq_jeremiah, uniq_psyche
Temple:   nicolae_temple_figure_eight
Lair:1:   layout_chaotic_city, basic_altar, pond, infiniplex_staircase_pool_2,
          lemuel_fruit_tree
Lair:2:   layout_long_grid, beast_lair_carwin_4
Lair:3:   layout_small_grid, mainiacjoe_swamp_entry_angry_trees,
          spider_nest_entry_web_field, hibernation_bobbens,
          serial_bayou_shore_b, grunt_megastairs_2, serial_bayou_shore_b,
          serial_bayou_shore_b

Skill      XL: |  1  2  3  4  5  6  7  8  9 10 11 12 |
---------------+-------------------------------------+-----
Axes           | 4 5 6 7 8 9 11 12 | 12.5
Armour         | 1 2 3 |  3.0
Fighting       | 4 5 7 8 9 11 12 | 12.5
Maces & Flails | 1 |  1.1
Evocations     | 2 6 8 9 |  9.3
Invocations    | 2 4 6 8 |  8.3
Dodging        | |  2.6

Action                     |  1- 3 |  4- 6 |  7- 9 | 10-12 || total
---------------------------+-------+-------+-------+-------++-------
  Melee: Hand axe          |    28 |       |       |       ||    28
         Whip              |    34 |    12 |       |       ||    46
         Mace              |    12 |    95 |    95 |   196 ||   398
         War axe           |       |    74 |    93 |   195 ||   362
  Throw: Stone             |     4 |     4 |     8 |     9 ||    25
         Boomerang         |       |       |       |     1 ||     1
 Invoke: Convert to Beogh  |       |     1 |       |       ||     1
         Recruit Apostle   |       |       |     2 |     1 ||     3
         Recall Apostles   |       |       |       |     6 ||     6
         Smiting           |       |       |       |     6 ||     6
  Evoke: Wand              |       |     1 |     5 |     3 ||     9
    Use: Scroll            |       |     7 |     6 |     6 ||    19
         Potion            |       |     1 |     6 |     2 ||     9
   Stab: Sleeping          |     1 |       |       |       ||     1
         Distracted        |       |       |     1 |     6 ||     7
 Armour: Robe              |    15 |       |       |       ||    15
         Leather armour    |     2 |     3 |       |       ||     5
         Ring mail         |       |    61 |    83 |   189 ||   333
  Dodge: Dodged            |    23 |    46 |    65 |   137 ||   271

Table legend: (Time is in decaauts)
 A = Elapsed time spent in this place.
 B = Non-inter-level travel time spent in this place.
 C = Inter-level travel time spent in this place.
 D = Time resting spent in this place.
 E = Time spent auto-exploring this place.
 F = Levels seen in this place.
 G = Mean time per level.
                   A        B        C        D        E       F      G
               +--------+--------+--------+--------+--------+-----+--------+
         Total |  10067 |   9614 |    453 |   2576 |   4521 |  13 |  774.4 |
       Dungeon |   6103 |   5762 |    341 |    750 |   3373 |   8 |  762.9 |
        Temple |      1 |      1 |      0 |      0 |      0 |   1 |    1.0 |
          Lair |   3454 |   3342 |    112 |   1525 |   1145 |   3 | 1151.3 |
       Ossuary |    508 |    508 |      0 |    301 |      3 |   1 |  508.0 |
               +--------+--------+--------+--------+--------+-----+--------+

Top non-repeatable levels by time:
  Lair:2: 1514 daAuts
  Lair:1: 1374 daAuts
     D:7: 956 daAuts
     D:6: 947 daAuts
     D:5: 923 daAuts
     D:8: 922 daAuts
     D:3: 688 daAuts
     D:4: 597 daAuts
  Lair:3: 564 daAuts
     D:2: 551 daAuts
     D:1: 515 daAuts
 Ossuary: 508 daAuts
  Temple: 1 daAuts
